 Dungeon Sprint DCSS version 0.27-a0-96-gb51a1d6fd6 (webtiles) character file.

Game seed: 838100818998416648

255027 mhtbhm the Archmage (level 17, -18/84 HPs)
             Began as a Deep Elf Earth Elementalist on Jan 21, 2021.
             Was the Champion of Vehumet.
             Killed from afar by a tengu reaver (49 damage)
             ... with a bolt of acid
             ... led by Sojobo
             ... in the Dungeon (Sprint IX: "|||||||||||||||||||||||||||||").
             The game lasted 00:39:41 (15876 turns).

mhtbhm the Archmage (Deep Elf Earth Elementalist)  Turns: 15876, Time: 00:39:42

Health: -18/84     AC: 12    Str: 12    XL:     17   Next: 36%
Magic:  10/50      EV: 28    Int: 31    God:    Vehumet [******]
Gold:   234        SH:  5    Dex: 15    Spells: 16/70 levels left

rFire    + . .     SeeInvis .   a - +3 rapier (vamp)
rCold    + + +     Faith    .   (no shield)
rNeg     . . .     Spirit   .   c - +1 robe {rC+ rF+}
rPois    +         Reflect  +   K - +2 helmet
rElec    .         Harm     .   x - +1 cloak of Starlight {*Dazzle EV+4 Stlth--}
rCorr    .         Rampage  .   y - +2 pair of gloves {Str+3}
Will     +....     NoTele   +   v - +0 pair of boots
Stlth    ..........             E - amulet of reflection
HPRegen  0.24/turn              R - ring "Tyrugipt" {rPois Int+3}
MPRegen  0.32/turn              P - ring "Bepho" {rC++ Str+4 Slay+3}

@: lethally poisoned (-18 -> -19)
A: no striking features
}: 5/17 runes: decaying, serpentine, barnacled, silver, gossamer
a: Renounce Religion


You were in the Dungeon.
You worshipped Vehumet.
Vehumet was exalted by your worship.
You visited 1 branch You collected 1965 gold pieces.
You spent 1731 gold pieces at shops.

Inventory:

Hand Weapons
 a - a +3 vampiric rapier (weapon)
 m - a +2 rapier of venom
Missiles
 b - 51 stones
 l - 44 javelins
 I - 16 silver javelins
Armour
 c - a +1 robe of resistance (worn)
 u - the +1 cloak "Wawol" {rF+ Slay+2}
   (You bought it in a shop in the Dungeon)

   It affects your accuracy and damage with ranged weapons and melee attacks
   (+2).
   It protects you from fire.
 v - a +0 pair of boots (worn)
 w - a +0 cloak of poison resistance
 x - the +1 cloak of Starlight (worn) {*Dazzle EV+4 Stlth--}
   (You bought it in a shop in the Dungeon)

   It affects your evasion (+4).
   It makes you much less stealthy.
 y - a +2 pair of gloves of strength (worn)
 K - a +2 helmet (worn)
 T - the +3 tower shield of the Swamp {Int+9 Dex-3}
   (You found it in the Dungeon)

   It affects your intelligence (+9).
   It affects your dexterity (-3).
Jewellery
 C - an uncursed ring of willpower
 E - an amulet of reflection (around neck)
 M - an uncursed amulet of magic regeneration
 P - the ring "Bepho" (right hand) {rC++ Str+4 Slay+3}
   (You found it in the Dungeon)

   [ring of slaying]

   It affects your strength (+4).
   It affects your accuracy and damage with ranged weapons and melee attacks
   (+3).
   It greatly protects you from cold.
 Q - the ring "Dorok" {rF+ rC- rN+ Slay+3}
   (You found it in the Dungeon)

   [ring of slaying]

   It affects your accuracy and damage with ranged weapons and melee attacks
   (+3).
   It protects you from fire.
   It makes you vulnerable to cold.
   It protects you from negative energy.
 R - the ring "Tyrugipt" (left hand) {rPois Int+3}
   (You found it in the Dungeon)

   [ring of intelligence]

   It affects your intelligence (+3).
   It protects you from poison.
 S - the ring of Ulastremacw {Str+3 SInv}
   (You found it in the Dungeon)

   [ring of strength]

   It affects your strength (+3).
   It lets you see invisible.
Scrolls
 i - 3 scrolls of blinking
 j - 7 scrolls of remove curse
 k - 2 scrolls of amnesia
 n - 5 scrolls of fear
 s - 12 scrolls of enchant weapon
 t - 10 scrolls of enchant armour
 B - 5 scrolls of fog
Potions
 d - 8 potions of curing
 e - 11 potions of heal wounds
 f - 8 potions of haste
 g - 7 potions of magic
 h - a potion of berserk rage
 p - a potion of invisibility
 q - a potion of resistance
 r - 5 potions of mutation
 D - 2 potions of brilliance
 H - a potion of might
 J - a potion of flight {unknown}


   Skills:
 - Level 1.9 Fighting
 + Level 11.1 Short Blades
 + Level 16.2 Dodging
 - Level 2.4 Stealth
 + Level 2.2 Shields
 O Level 27 Spellcasting
 + Level 15.7 Conjurations
 + Level 1.9 Hexes
 + Level 26.4 Transmutations
 O Level 27 Fire Magic
 O Level 27 Earth Magic
 - Level 4.0 Evocations


You had 16 spell levels left.
You knew the following spells:

 Your Spells              Type           Power        Failure   Level
a - Sandblast             Erth           100%         0%          1
b - Passwall              Tmut/Erth      98%          0%          2
c - Stone Arrow           Conj/Erth      100%         0%          3
d - Lee's Rapid Deconstr  Erth           59%          0%          5
e - Petrify               Tmut/Erth      100%         0%          4
f - Lehudib's Crystal Sp  Conj/Erth      54%          1%          8
g - Inner Flame           Hex/Fire       93%          0%          3
h - Shatter               Erth           59%          1%          9
i - Ignition              Fire           59%          1%          8
j - Fire Storm            Conj/Fire      54%          2%          9
k - Swiftness             Air            41%          1%          2

Your spell library contained the following spells:

 Spells                   Type           Power        Failure   Level
 Tornado                  Air            20%          100%        9
 Apportation              Tloc           82%          1%          1
 Corpse Rot               Necr/Air       N/A          1%          2
 Sublimation of Blood     Necr           20%          1%          2
 Animate Dead             Necr           20%          5%          4
 Passage of Golubria      Tloc           N/A          5%          4
 Invisibility             Hex            52%          36%         6
 Chain Lightning          Conj/Air       37%          36%         8
 Absolute Zero            Ice            20%          100%        9


Dungeon Overview and Level Annotations

Branches:
Dungeon (1/1)

Altars:
Cheibriados
Dithmenos
Elyvilon
Fedhas
Gozag
Hepliaklqana
Kikubaaqudgha
Makhleb
Nemelex Xobeh
Okawaru
Qazlal
Ru
Sif Muna
Trog
Uskayaw
Vehumet
Wu Jian
Xom
Yredelemnul
Zin
The Shining One
Beogh
Jiyva
Lugonu

Shops:
D [[?[

Annotations:
D Sojobo


Message History

You feel sick.
You feel sick. The tengu reaver casts a spell at you.
The bolt of acid misses you.
You feel sick.
The tengu reaver gestures at you while chanting.
The bolt of acid misses you.
You see here an uncursed ring of poison resistance.
You feel sick.
Unknown command.
Casting: Petrify (safe; 0% risk of failure)
Confirm with . or Enter, or press ? or * to list all spells.
Aiming: Petrify (safe; 0% risk of failure)
Press: ? - help, Shift-Dir - straight line, f/p - tengu reaver
Aim: a tengu reaver, wielding a +1 great sword and wearing a +0 scale mail (heavily wounded, chance to affect: 59%)
The tengu reaver is moving more slowly.
The tengu reaver casts a spell at you. The bolt of acid hits you!!!
Ouch! That really hurt!
You die...

.▓.▓.▓.▓.▓.▓.▓.▓[▓,*,*,*,*,*,*,*,
.▓.▓[▓.▓.▓.▓.▓.▓[▓,*,*,*+*,*,*,*,
)▓.▓[▓.▓.▓.▓.▓.▓[▓,*,*,*,*,*,*,*,
.▓.▓.▓.▓.▓.▓.▓.▓[▓,*,*,*+*,*,*,*,
)▓.▓[▓.▓.▓.▓.▓.▓[▓,*+*,*,*,*,*,*,
.▓.▓[▓[▓.▓.▓.▓.▓.▓,*,*,*+*,*,*,*,
)▓.▓[▓.▓)▓.▓)▓.▓=▓,*,*,*,*,*,*,*,
)▓.▓.▓[▓.▓.▓)▓.▓.▓,*,*,*,*,*,*,*,
)▓.▓.▓)▓)▓.▓)▓.▓@▓,*,*,*,*,*,*,*,
)▓.▓.▓.▓)▓(▓.▓.▓.▓,*,*,*,*,*,*,*+
(▓.▓.▓.▓)▓.▓)▓.▓.▓,*,*,*,*,*,*,*,
)▓.▓.▓.▓)▓.▓)▓.▓=▓,*,*,*,*,*,*,*,
.▓.▓.▓.▓)▓.▓.▓.▓.▓,*,*,*,*,*+*,*,
.▓.▓.▓.▓.▓.▓(▓.▓Q▓)▓+*,*,*,*,*,*,
.▓.▓.▓.▓.▓(▓)▓.▓*▓§▓,*,*,*,*,*,*,
.▓.▓.▓.▓.▓.▓.▓.▓Q▓.▓,*,*,*,*,*,*,
)▓.▓.▓.▓.▓)▓.▓.▓.▓)▓,*,*,*,*,*,*,


You could see Sojobo (repels missiles), a tengu reaver (petrifying) and a
battlesphere.

Vanquished Creatures
  2 ancient liches (D)
  Margery (D)
  Frederick (D)
  Xtahua (D)
  Jory (D)
  Rupert (D)
  A titan (D)
  A sphinx (D)
  Kirke (D)
  Frances (D)
  A thorn hunter (D)
  5 shadow dragons (D)
  2 fire giants (D)
  5 nagarajas (D)
  Ilsuiw (D)
  2 vault wardens (D)
  4 emperor scorpions (D)
  Louise (D)
  A ghost moth (D)
  3 very ugly things (D)
  4 stone giants (D)
  2 ironheart preservers (D)
  A spark wasp (D)
  A spark wasp (shapeshifter) (D)
  3 fire dragons (D)
  Snorg (D)
  4 merfolk javelineers (D)
  An ettin (shapeshifter) (D)
  2 merfolk impalers (D)
  3 yaktaur captains (D)
  25 vault guards (D)
  6 hydras (D)
  2 great orbs of eyes (D)
  A rakshasa (D)
  A boulder beetle (D)
  3 naga warriors (D)
  2 ice dragons (D)
  A centaur warrior (D)
  Erica (D)
  4 merfolk aquamancers (D)
  A death knight (D)
  2 merfolk avatars (D)
  2 alligators (D)
  4 ogre magi (D)
  A tengu warrior (D)
  A shock serpent (D)
  2 spriggan berserkers (D)
  3 naga sharpshooters (D)
  A deep troll shaman (D)
  An orc high priest (D)
  4 hell knights (D)
  A wizard (D)
  A skeletal warrior (D)
  A goliath frog (D)
  A glowing orange brain (D)
  2 spriggan druids (D)
  A flayed ghost (D)
  8 swamp dragons (D)
  A sea snake (D)
  A naga ritualist (D)
  3 lindwurms (D)
  5 ironbrand convokers (D)
  2 necromancers (D)
  14 orc knights (D)
  A deep elf mage (D)
  6 wolf spiders (D)
  A harpy (D)
  3 ugly things (D)
  2 cyclopes (D)
  A manticore (D)
  A merfolk siren (D)
  A salamander (D)
  3 moths of wrath (D)
  An elephant (D)
  2 guardian serpents (D)
  2 will-o-the-wisps (D)
  3 black mambas (D)
  Psyche (D)
  4 vault sentinels (D)
  3 naga magi (D)
  4 cane toads (D)
  2 demonic crawlers (D)
  2 yaktaurs (D)
  3 freezing wraiths (D)
  A komodo dragon (D)
  2 jumping spiders (D)
  A troll (D)
  4 merfolk (D)
  4 tyrant leeches (D)
  3 slime creatures (D)
  A snapping turtle (D)
  A redback (D)
  3 wyverns (D)
  2 yaks (D)
  4 tarantellas (D)
  Eustachio (D)
  4 hogs (D)
  A vampire mosquito (D)
  An acid dragon (D)
  2 nagas (D)
  3 water moccasins (D)
  A sky beast (D)
  16 orc warriors (D)
  A necrophage (D)
  A wolf (D)
  3 bullfrogs (D)
  A killer bee (D)
  5 orc priests (D)
  An iguana (D)
  An orc wizard (D)
  An adder (D)
  A shadow imp (D)
  An ufetubus (D)
  An adder skeleton (D)
  A worm (D)
  4 orcs (D)
  A bat zombie (D)
  2 giant cockroaches (D)
  A goblin (D)
  A hobgoblin (D)
  A bat (D)
  A frilled lizard (D)
297 creatures vanquished.

Vanquished Creatures (others)
  An unseen horror (D)
  A bat zombie (D)
  A fire vortex (D)
  4 foxfires (D)
7 creatures vanquished.

Grand Total: 304 creatures vanquished

Notes
Turn   | Place    | Note
-------+----------+-------------------------------------------
     0 | D        | mhtbhm the Deep Elf Earth Elementalist began the quest for
                  | the Orb.
     0 | D        | Reached XP level 1. HP: 10/10 MP: 6/6
   136 | D        | Noticed an orc priest
   136 | D        | Noticed a necrophage
   138 | D        | Reached skill level 5 in Earth Magic
   138 | D        | Reached XP level 2. HP: 15/15 MP: 6/8
   143 | D        | Reached skill level 5 in Spellcasting
   143 | D        | Reached XP level 3. HP: 17/19 MP: 1/11
   152 | D        | Killed a necrophage
   153 | D        | Reached XP level 4. HP: 4/24 MP: 6/15
   162 | D        | Found a roughly hewn altar of Beogh.
   162 | D        | Found a snail-covered altar of Cheibriados.
   162 | D        | Found a shadowy altar of Dithmenos.
   162 | D        | Found a white marble altar of Elyvilon.
   162 | D        | Found a blossoming altar of Fedhas.
   162 | D        | Found an opulent altar of Gozag.
   163 | D        | Found a hazy altar of Hepliaklqana.
   164 | D        | Found a viscous altar of Jiyva.
   165 | D        | Found an ancient bone altar of Kikubaaqudgha.
   166 | D        | Found a corrupted altar of Lugonu.
   167 | D        | Found a burning altar of Makhleb.
   168 | D        | Found a sparkling altar of Nemelex Xobeh.
   169 | D        | Found an iron altar of Okawaru.
   170 | D        | Found a stormy altar of Qazlal.
   171 | D        | Found a sacrificial altar of Ru.
   172 | D        | Found a shimmering blue altar of Sif Muna.
   173 | D        | Found a bloodstained altar of Trog.
   174 | D        | Found a hide-covered altar of Uskayaw.
   175 | D        | Found a radiant altar of Vehumet.
   176 | D        | Found an ornate altar of the Wu Jian Council.
   177 | D        | Found a shimmering altar of Xom.
   178 | D        | Found a basalt altar of Yredelemnul.
   179 | D        | Found a glowing silver altar of Zin.
   180 | D        | Found a glowing golden altar of the Shining One.
   183 | D        | Became a worshipper of Vehumet
   187 | D        | Learned a level 2 spell: Passwall
   191 | D        | Learned a level 3 spell: Stone Arrow
   425 | D        | Noticed a yak
   425 | D        | Noticed a sky beast
   425 | D        | Noticed a bullfrog
   427 | D        | Reached XP level 5. HP: 28/28 MP: 15/17
   445 | D        | Learned a level 5 spell: Lee's Rapid Deconstruction
   450 | D        | Learned a level 4 spell: Petrify
   453 | D        | Reached * piety under Vehumet
   453 | D        | Offered knowledge of Magic Dart by Vehumet.
   454 | D        | Killed a yak
   455 | D        | Reached skill level 5 in Dodging
   455 | D        | Reached skill level 10 in Spellcasting
   455 | D        | Reached XP level 6. HP: 32/32 MP: 2/21
   457 | D        | Killed a sky beast
   458 | D        | Reached ** piety under Vehumet
   682 | D        | Noticed a cyclops
   682 | D        | Noticed a centaur warrior
   682 | D        | Noticed a troll
   683 | D        | Killed an unseen horror
   690 | D        | Killed a centaur warrior
   690 | D        | Offered knowledge of Foxfire by Vehumet.
   691 | D        | Reached skill level 1 in Fighting
   691 | D        | Reached XP level 7. HP: 28/38 MP: 0/26
   691 | D        | Reached XP level 8. HP: 31/43 MP: 0/28
   691 | D        | Killed a cyclops
   692 | D        | Reached skill level 15 in Spellcasting
   692 | D        | Reached skill level 1 in Evocations
   740 | D        | Reached *** piety under Vehumet
   749 | D        | Killed a troll
   750 | D        | Reached skill level 15 in Earth Magic
  1250 | D        | Learned a level 8 spell: Lehudib's Crystal Spear
  1262 | D        | Noticed a black mamba
  1262 | D        | Noticed a komodo dragon
  1262 | D        | Noticed a black mamba
  1262 | D        | Noticed a cane toad
  1265 | D        | Killed a black mamba
  1265 | D        | Offered knowledge of Inner Flame by Vehumet.
  1266 | D        | Reached XP level 9. HP: 36/47 MP: 24/31
  1266 | D        | Reached **** piety under Vehumet
  1266 | D        | Killed a komodo dragon
  1268 | D        | Noticed an elephant
  1269 | D        | Killed a cane toad
  1269 | D        | Killed a black mamba
  1273 | D        | Reached ***** piety under Vehumet
  1274 | D        | Killed an elephant
  1722 | D        | Learned a level 3 spell: Inner Flame
  1724 | D        | Noticed a cane toad
  1724 | D        | Noticed a seven-headed hydra
  1726 | D        | Offered knowledge of Hailstorm by Vehumet.
  1726 | D        | Killed a cane toad
  1727 | D        | Reached XP level 10. HP: 53/53 MP: 31/34
  1729 | D        | Noticed a cane toad
  1730 | D        | Killed a seven-headed hydra
  1730 | D        | Noticed a cane toad
  1733 | D        | Reached ****** piety under Vehumet
  1735 | D        | Killed a cane toad
  1741 | D        | Killed a cane toad
  2025 | D        | Noticed a lindwurm
  2025 | D        | Noticed a lindwurm
  2029 | D        | Offered knowledge of Fulminant Prism by Vehumet.
  2029 | D        | Killed a lindwurm
  2030 | D        | Reached skill level 1 in Hexes
  2210 | D        | Offered knowledge of Bolt of Magma by Vehumet.
  2218 | D        | Killed a lindwurm
  2295 | D        | Noticed a lindwurm
  2298 | D        | Killed a lindwurm
  2299 | D        | Reached XP level 11. HP: 57/57 MP: 10/38
  2717 | D        | Noticed Erica
  2721 | D        | Killed Erica
  2916 | D        | Offered knowledge of Ozocubu's Refrigeration by Vehumet.
  2940 | D        | Noticed an orc knight
  2943 | D        | Killed an orc knight
  2946 | D        | Noticed an orc knight
  2950 | D        | Killed an orc knight
  3306 | D        | Offered knowledge of Freezing Cloud by Vehumet.
  3358 | D        | Noticed an orc knight
  3358 | D        | Noticed an orc knight
  3363 | D        | Noticed an orc knight
  3366 | D        | Killed an orc knight
  3369 | D        | Killed an orc knight
  3370 | D        | Noticed an orc high priest
  3446 | D        | Killed an orc knight
  3811 | D        | Killed an orc high priest
  4134 | D        | Found Oghunak's Antique Armour Emporium.
  4134 | D        | Noticed an orc knight
  4134 | D        | Noticed an orc knight
  4134 | D        | Noticed an orc knight
  4138 | D        | Killed an orc knight
  4138 | D        | Offered knowledge of Eringya's Noxious Bog by Vehumet.
  4138 | D        | Noticed an orc knight
  4140 | D        | Killed an orc knight
  4142 | D        | Noticed an orc knight
  4148 | D        | Killed an orc knight
  4149 | D        | Killed an orc knight
  4371 | D        | Killed an orc knight
  4622 | D        | Found Oriehugesm's Armour Shoppe.
  4626 | D        | Found Uderghaj's Magic Scroll Emporium.
  4629 | D        | Found Guinif's Armour Shoppe.
  4632 | D        | Noticed an orc knight
  4634 | D        | Noticed an orc knight
  4635 | D        | Offered knowledge of Iskenderun's Battlesphere by Vehumet.
  4637 | D        | Killed an orc knight
  4638 | D        | Reached skill level 5 in Transmutations
  4638 | D        | Reached XP level 12. HP: 62/62 MP: 28/42
  4666 | D        | Bought a scorched cloak for 190 gold pieces
  4671 | D        | Identified the +1 cloak "Wawol" {rF+ Slay+2} (You bought it
                  | in a shop in the Dungeon)
  4671 | D        | Bought the +1 cloak of Starlight {*Dazzle EV+4 Stlth--} for
                  | 610 gold pieces
  4671 | D        | Found the +1 cloak of Starlight {*Dazzle EV+4 Stlth--}
  4683 | D        | Bought a +2 pair of gloves of strength for 301 gold pieces
  4698 | D        | Bought a scroll of fear for 49 gold pieces
  4698 | D        | Bought a scroll of magic mapping for 49 gold pieces
  4698 | D        | Bought a scroll of blinking for 105 gold pieces
  4698 | D        | Bought a scroll of enchant armour for 105 gold pieces
  4698 | D        | Bought a scroll of identify for 28 gold pieces
  4698 | D        | Bought a scroll of enchant armour for 105 gold pieces
  4698 | D        | Bought a scroll of enchant weapon for 105 gold pieces
  4698 | D        | Bought a scroll of fog for 28 gold pieces
  4698 | D        | Bought 2 scrolls of fog for 56 gold pieces
  4769 | D        | Noticed Psyche
  4772 | D        | Killed Psyche
  4830 | D        | Noticed Eustachio
  4838 | D        | Killed Eustachio
  5016 | D        | Noticed a boulder beetle
  5025 | D        | Killed a boulder beetle
  5025 | D        | Offered knowledge of Iron Shot by Vehumet.
  5353 | D        | Noticed an ettin
  5362 | D        | Killed an ettin
  5378 | D        | Noticed a tengu warrior
  5382 | D        | Killed a tengu warrior
  5383 | D        | Reached skill level 1 in Shields
  5477 | D        | Noticed a fire dragon
  5485 | D        | Killed a fire dragon
  5485 | D        | Offered knowledge of Conjure Ball Lightning by Vehumet.
  5953 | D        | Noticed a spark wasp
  5958 | D        | Killed a spark wasp
  6072 | D        | Noticed a red very ugly thing
  6077 | D        | Killed a red very ugly thing
  6306 | D        | Noticed Frances
  6312 | D        | Killed Frances
  6313 | D        | Reached skill level 1 in Conjurations
  6313 | D        | Reached skill level 1 in Fire Magic
  6499 | D        | Noticed a spark wasp
  6512 | D        | Offered knowledge of Shatter by Vehumet.
  6512 | D        | Offered knowledge of Tornado by Vehumet.
  6512 | D        | Offered knowledge of Ignition by Vehumet.
  6526 | D        | Reached XP level 13. HP: 33/66 MP: 11/45
  6527 | D        | Killed a spark wasp
  6763 | D        | Noticed a thorn hunter
  6773 | D        | Reached skill level 27 in Spellcasting
  6775 | D        | Killed a thorn hunter
  7029 | D        | Learned a level 9 spell: Shatter
  7038 | D        | Learned a level 8 spell: Ignition
  7048 | D        | Learned a level 9 spell: Fire Storm
  7360 | D        | Reached skill level 5 in Fire Magic
  7648 | D        | Noticed a nagaraja
  7655 | D        | Killed a nagaraja
  7913 | D        | Noticed Snorg
  7918 | D        | Killed Snorg
  8018 | D        | Noticed a purple very ugly thing
  8075 | D        | Killed a purple very ugly thing
  8272 | D        | Reached XP level 14. HP: 71/71 MP: 34/47
  8312 | D        | Reached skill level 27 in Earth Magic
  8638 | D        | Reached skill level 10 in Fire Magic
  8655 | D        | Noticed a stone giant
  8860 | D        | Killed a stone giant
  8861 | D        | Reached skill level 10 in Transmutations
  8927 | D        | Noticed a sphinx
  8933 | D        | Killed a sphinx
  9149 | D        | Noticed a fire giant
  9152 | D        | Killed a fire giant
  9153 | D        | Reached skill level 1 in Short Blades
  9360 | D        | Noticed an ironheart preserver
  9361 | D        | Killed an ironheart preserver
  9445 | D        | Noticed a vault warden
  9450 | D        | Killed a vault warden
  9451 | D        | Reached skill level 5 in Conjurations
  9938 | D        | Noticed a vault warden
  9941 | D        | Killed a vault warden
  9942 | D        | Reached skill level 15 in Fire Magic
 10184 | D        | Noticed Xtahua
 10188 | D        | Killed Xtahua
 10189 | D        | Reached skill level 5 in Short Blades
 10189 | D        | Reached skill level 15 in Transmutations
 10558 | D        | Noticed Louise
 10565 | D        | Killed Louise
 10866 | D        | Reached XP level 15. HP: 75/75 MP: 35/48
 11720 | D        | Got a decaying rune of Zot
 12324 | D        | Killed a ghost moth
 13011 | D        | Got a gossamer rune of Zot
 13020 | D        | Noticed Ilsuiw
 13021 | D        | Killed Ilsuiw
 13022 | D        | Reached skill level 10 in Dodging
 13038 | D        | Got a barnacled rune of Zot
 13147 | D        | Noticed a nagaraja
 13148 | D        | Noticed a nagaraja
 13149 | D        | Killed a nagaraja
 13149 | D        | Killed a nagaraja
 13151 | D        | Noticed a nagaraja
 13152 | D        | Noticed a nagaraja
 13156 | D        | Killed a nagaraja
 13156 | D        | Killed a nagaraja
 13161 | D        | Got a serpentine rune of Zot
 13342 | D        | Noticed Rupert
 13347 | D        | Killed Rupert
 13348 | D        | Reached skill level 10 in Conjurations
 13527 | D        | Reached XP level 16. HP: 80/80 MP: 39/49
 14021 | D        | Noticed an ancient lich
 14024 | D        | Killed an ancient lich
 14062 | D        | Noticed a shadow dragon
 14064 | D        | Noticed a shadow dragon
 14310 | D        | Killed a shadow dragon
 14385 | D        | Killed a shadow dragon
 14880 | D        | Identified the +9 trident of Action {pain, Str+7}
 14896 | D        | Identified Sif Muna's Almanac of Doomed Dislocation
 14911 | D        | Noticed a shadow dragon
 14911 | D        | Noticed a titan
 14911 | D        | Noticed a shadow dragon
 14912 | D        | Noticed an ancient lich
 14915 | D        | Killed a shadow dragon
 14916 | D        | Killed a titan
 14918 | D        | Killed an ancient lich
 14919 | D        | Reached skill level 10 in Short Blades
 14919 | D        | Reached skill level 15 in Dodging
 14919 | D        | Reached XP level 17. HP: 84/84 MP: 19/50
 15014 | D        | Identified the +4 morningstar of Obaosseur {flame, rN+
                  | Will- Int+4}
 15414 | D        | Got a silver rune of Zot
 15437 | D        | Noticed Frederick
 15439 | D        | Killed Frederick
 15504 | D        | Noticed Jory
 15506 | D        | Killed Jory
 15585 | D        | Got the amulet "Dotock" {rC+ Regen+}
 15587 | D        | Got the ring "Bepho" {rC++ Str+4 Slay+3}
 15589 | D        | Got the ring "Dorok" {rF+ rC- rN+ Slay+3}
 15591 | D        | Got the ring "Tyrugipt" {rPois Int+3}
 15593 | D        | Got the ring of Ulastremacw {Str+3 SInv}
 15626 | D        | Got the +3 tower shield of the Swamp {Int+9 Dex-3}
 15666 | D        | Learned a level 2 spell: Swiftness
 15713 | D        | Noticed Kirke
 15718 | D        | Killed Kirke
 15812 | D        | Noticed Margery
 15816 | D        | Killed Margery
 15817 | D        | Reached skill level 15 in Conjurations
 15817 | D        | Reached skill level 27 in Fire Magic
 15821 | D        | Noticed Sojobo
 15876 | D        | Killed from afar by a tengu reaver

Illustrated notes

Levels and vault maps discovered:
D:        linesprint [early_d, line_temple, items_1, d_10, items_2, lair_1,
          lair_end, items_3, orc_1, orc_end, items_4, d_15, swamp_1, shoals_1,
          snake_1, spider_1, d_20, vaults_1, items_5, swamp_end, shoals_end,
          snake_end, spider_end, vaults_end, d_27, items_6, zot_1, zot_end,
          crypt_end, forest_end, elf_end, slime_end, tomb_end, abyss_end,
          pan_hell_end]

Skill      XL: |  1  2  3  4  5  6  7  8  9 10 11 12 13 14 15 16 17 |
---------------+----------------------------------------------------+-----
Earth Magic    | 5 6 8 11 13 15 17 19 21 23 26 27 | 27.0
Dodging        | 3 4 5 6 7 8 11 15 16 | 16.2
Spellcasting   | 5 7 10 14 16 18 21 24 26 27 | 27.0
Transmutations | 2 3 5 6 9 16 23 25 26 | 26.4
Fighting       | 1 |  1.9
Evocations     | 1 2 4 |  4.0
Hexes          | 1 |  1.9
Shields        | 1 2 |  2.2
Conjurations   | 1 2 7 10 13 15 | 15.7
Fire Magic     | 1 8 16 19 25 27 | 27.0
Short Blades   | 5 7 10 11 | 11.1
Stealth        | |  2.4

Action                   |  1- 3 |  4- 6 |  7- 9 | 10-12 | 13-15 | 16-18 || total
-------------------------+-------+-------+-------+-------+-------+-------++-------
Melee: Unarmed           |     7 |       |       |       |       |       ||     7
       Rapier            |       |       |       |     3 |    18 |     4 ||    25
 Cast: Sandblast         |    17 |     4 |     2 |     2 |     4 |       ||    29
       Lee's Rapid Decon |       |     6 |    12 |   129 |   150 |    13 ||   310
       Petrify           |       |     2 |       |    41 |    61 |    14 ||   118
       Stone Arrow       |       |       |       |    10 |     7 |     3 ||    20
       Lehudib's Crystal |       |       |       |     3 |    10 |    20 ||    33
       Inner Flame       |       |       |       |     1 |       |       ||     1
       Shatter           |       |       |       |       |    40 |    32 ||    72
       Ignition          |       |       |       |       |     6 |       ||     6
       Fire Storm        |       |       |       |       |       |     1 ||     1
Evoke: Wand              |       |     1 |     1 |     2 |     6 |       ||    10
  Use: Potion            |     1 |       |     1 |     3 |     2 |     2 ||     9
       Scroll            |       |       |       |     3 |       |     3 ||     6
Armor: Robe              |     4 |       |     1 |     2 |    17 |     1 ||    25
Dodge: Dodged            |    11 |     4 |     4 |    33 |    49 |    21 ||   122
Block: Other             |       |       |       |     7 |    16 |     4 ||    27
       Reflection        |       |       |       |       |     1 |     1 ||     2

Table legend: (Time is in decaauts) A = Elapsed time spent in this place. B = Non-inter-level travel time spent in this place. C = Inter-level travel time spent in this place. D = Time resting spent in this place. E = Time spent auto-exploring this place. F = Levels seen in this place. G = Mean time per level. A B C D E F G +--------+--------+--------+--------+--------+-----+--------+ Total | 15861 | 15729 | 132 | 10630 | 2179 | 1 | 15861.0 | Dungeon | 15861 | 15729 | 132 | 10630 | 2179 | 1 | 15861.0 | +--------+--------+--------+--------+--------+-----+--------+

Top non-repeatable levels by time:
       D: 15861 daAuts
